AoeStats
← KootH.

African Clearing

505699591Analyzed
4v4 RM · 21d ago on Sep 10, 2026· 39m 15s· 8 players
Game mode
Random Map
Map size
Large (8 player)
Population
200
Speed
Normal
Resources
Standard
Victory
Conquest
Starting age
Dark Age
Ending age
Imperial Age
RankedLock teamsTeams togetherTeam positionsShared explorationLock speedFull tech treeHidden civsTurbo modeCheats
Victory
Defeat
🇮🇩 Maya · Indonesia
1484
+11
🇩🇪 Magyars · Germany
1383
+15
🇩🇪 Persians · Germany
1347
+17
🇸🇪 Berbers · Sweden
1288
+20
🇨🇴 Berbers · Colombia
1396
-17
🇺🇦 Gurjaras · Ukraine
1392
-17
🇳🇿 Teutons · New Zealand
1377
-16
🇦🇺 Huns · Australia
1294
-13
Fox
9:36 Loom
12:22 Feudal Age
18:56 Scale Barding Armor
19:20 Forging
21:59 Bloodlines
24:45 Castle Age
JayJayNico
9:21 Loom
13:26 Feudal Age
14:01 Double-Bit Axe
15:05 Wheelbarrow
21:50 Castle Age
28:09 Bow Saw
30:25 Ballistics
35:04 Horse Collar
37:28 Pikeman
KootH.
3:20 Loom
13:21 Feudal Age
18:13 Castle Age
16:33 Double-Bit Axe
22:32 Fletching
36:57 Imperial Age
35:12 Horse Collar
36:17 Town Watch
DreamStolen
5:03 Loom
5:24 Loom
15:00 Feudal Age
18:52 Castle Age
17:49 Fletching
18:01 Padded Archer Armor
19:23 Elite Skirmisher
34:53 Bodkin Arrow
38:24 Thumb Ring
[LOEL] - ENF
9:23 Loom
11:55 Feudal Age
16:11 Castle Age
14:45 Double-Bit Axe
17:09 Fletching
23:03 Bodkin Arrow
24:17 Wheelbarrow
26:21 Padded Archer Armor
27:37 Ballistics
30:33 Bow Saw
37:17 Horse Collar
Chris Becker
3:44 Loom
13:12 Feudal Age
13:59 Double-Bit Axe
19:29 Fletching
28:28 Castle Age
28:27 Padded Archer Armor
28:32 Crossbowman
30:11 Bodkin Arrow
36:22 Wheelbarrow
35:47 Horse Collar
37:24 Scale Barding Armor
39:12 Bow Saw
40:02 Chain Barding Armor
Ak-guy
13:49 Feudal Age
19:45 Castle Age
18:40 Double-Bit Axe
19:44 Stone Mining
20:58 Bow Saw
21:45 Loom
21:49 Fishing Lines
24:02 Fletching
24:50 Gold Mining
26:44 Wheelbarrow
25:51 Horse Collar
27:47 Heavy Plow
28:40 Kasbah
29:12 Husbandry
29:16 Bodkin Arrow
30:32 Bloodlines
31:49 Scale Barding Armor
31:44 Padded Archer Armor
33:26 Leather Archer Armor
35:03 Chain Barding Armor
35:49 Hand Cart
36:53 Ballistics
39:06 Imperial Age
36:19 Light Cavalry
39:36 Gold Shaft Mining
39:34 Forging
40:21 Stone Shaft Mining
39:11 Hussar
39:12 Cavalier
Scooby Jew
4:20 Loom
12:33 Feudal Age
16:39 Castle Age
16:09 Double-Bit Axe
28:36 Fletching
32:32 Horse Collar
35:40 Wheelbarrow
37:59 Imperial Age
37:32 Bloodlines
37:34 Forging
37:29 Scale Barding Armor
37:45 Cavalier
Connection lost

Rejoining the realm…

Still unreachable

The connection could not be restored.

Session expired

The server has moved on; the page needs a fresh start.